Avalanche vs Flames
(R2)
Created - 3 janvier 2017 at 19:19
Goals
|
Avalanche |
1 |
0 |
2 |
3 |
Flames |
2 |
4 |
1 |
7 |
|
Shots
|
Avalanche |
12 |
5 |
7 |
24 |
Flames |
7 |
11 |
12 |
30 |
|
1st period
1. Flames , Alexander Semin 18 (Eric Staal, David Backes) at 8:03 (PP)
2. Flames , David Backes 10 (Eric Staal, Steve Eminger) at 8:21
3. Avalanche , Paul Stastny 7 (Mikkel Boedker) at 11:37 (PP)
Penalties :
Dan Ellis (Col) for Delaying the game (Minor) at 7:53 - Shane O'Brien served the penalty, Derek Meech (Cal) for Hooking (Minor) at 9:42, Andrei Kostitsyn (Col) for Hooking (Minor) at 16:08, David Backes (Cal) for Roughing (Minor) at 19:15, Andrei Kostitsyn (Col) for Hooking (Minor) at 19:52
2nd period
4. Flames , Alexander Semin 19 (David Backes, Steve Regier) at 1:21 (PP)
5. Flames , Brad Marchand 5 (Jordin Tootoo, Robyn Regehr) at 3:03
6. Flames , Eric Staal 14 (David Backes, Patrik Berglund) at 6:11
7. Flames , David Backes 11 (Eric Staal, Alexander Semin) at 15:22 (PP)
Penalties :
Paul Stastny (Col) for Hooking (Minor) at 3:06, Shane O'Brien (Col) for Hooking (Minor) at 14:19, David Backes (Cal) for Fighting (Major) at 15:54, Jack Johnson (Col) for Fighting (Major) at 15:54, Michel Ouellet (Cal) for Tripping (Minor) at 16:27
3rd period
8. Flames , Steve Regier 8 (Derek Meech) at 4:54
9. Avalanche , Andrei Kostitsyn 15 (Jay Bouwmeester, Corey Perry) at 6:33 (PP)
10. Avalanche , Paul Stastny 8 (Mikkel Boedker, Alexander Radulov) at 7:51 (PP)
Penalties :
Jordin Tootoo (Cal) for Fighting (Major) at 5:03, Shane O'Brien (Col) for Fighting (Major) at 5:03, Pekka Rinne (Cal) for Delaying the game (Minor) at 6:18 - Tomas Kaberle served the penalty, Derek Meech (Cal) for Slashing (Minor) at 6:55, Eric Staal (Cal) for Fighting (Major) at 10:26, Paul Stastny (Col) for Fighting (Major) at 10:26, Marc Staal (Col) for Roughing (Minor) at 10:49, Mike Comrie (Col) for Hooking (Minor) at 14:47
Goalie Stats
Dan Ellis (Col), 8 saves from 12 shots - (0,667), L, 6-6-2, 23:03 minutes
Semyon Varlamov (Col), 15 saves from 18 shots - (0,833), 36:57 minutes
Pekka Rinne (Cal), 21 saves from 24 shots - (0,875), W, 12-11-2, 60:00 minutes
Players Stats for Avalanche
Player Name G A P +/- PIM S H SB GA TA FO MP PP MP PK MP
------------------------------------------------------------------------------------
Alexander Radulov 0 1 1 -1 0 2 2 2 0 1 1/2 17:39 1:50 2:21
Andrei Kostitsyn 1 0 1 -1 4 4 1 0 0 0 0/0 18:56 3:51 1:26
Andrew Ladd 0 0 0 -1 0 2 1 0 0 0 0/1 10:52 0:00 2:38
Brandon Yip 0 0 0 -1 0 0 1 0 0 0 0/0 9:57 0:00 2:15
Bryan Little 0 0 0 -1 0 3 2 0 0 0 8/23 18:52 3:52 0:13
Chuck Kobasew 0 0 0 -1 0 1 0 0 0 0 0/0 13:03 0:00 4:52
Corey Perry 0 1 1 -1 0 1 2 0 4 0 3/5 19:01 3:52 0:04
David Krejci 0 0 0 -1 0 0 0 0 0 0 2/3 9:26 0:00 0:52
Jack Johnson 0 0 0 -2 5 0 0 1 0 1 0/0 22:52 0:00 6:16
Jay Bouwmeester 0 1 1 -1 0 2 1 3 0 0 0/0 18:39 4:26 0:50
Johnny Boychuk 0 0 0 -1 0 1 0 0 0 0 0/0 17:34 4:26 0:00
Marc Staal 0 0 0 -2 2 1 1 1 0 1 0/0 25:05 1:16 5:06
Mike Comrie 0 0 0 -1 2 1 1 0 0 0 6/9 13:00 0:00 3:51
Mikkel Boedker 0 2 2 -1 0 2 1 0 0 0 0/0 15:33 1:50 0:00
Paul Stastny 2 0 2 -1 7 2 2 0 1 0 10/24 14:58 1:50 0:16
Pernell Karl Subban 0 0 0 -1 0 0 0 1 0 0 0/0 21:15 1:16 3:14
Ryan Smyth 0 0 0 -1 0 1 0 0 0 0 0/0 8:11 0:00 0:00
Shane O'Brien 0 0 0 -1 7 1 2 0 0 0 0/0 14:36 0:00 3:06
Players Stats for Flames
Player Name G A P +/- PIM S H SB GA TA FO MP PP MP PK MP
------------------------------------------------------------------------------------
Alexander Semin 2 1 3 2 0 5 3 2 0 1 2/2 24:14 5:46 2:03
Brad Marchand 1 0 1 1 0 3 2 0 0 0 0/0 11:53 0:00 0:59
Colin Wilson 0 0 0 0 0 0 0 2 0 0 2/4 9:05 0:00 0:00
David Backes 2 3 5 2 7 4 4 0 0 0 0/0 19:54 5:46 0:00
Derek Meech 0 1 1 1 4 2 2 1 0 0 0/0 23:23 3:36 0:00
Eric Staal 1 3 4 2 5 2 2 2 0 0 17/31 20:42 4:00 1:28
Erik Johnson 0 0 0 1 0 1 0 4 0 1 0/0 22:37 5:30 2:23
Jordin Tootoo 0 1 1 1 5 3 0 0 0 0 3/5 15:58 1:14 3:02
Marcel Goc 0 0 0 1 0 1 1 0 0 0 7/13 13:09 0:32 3:52
Mark Bell 0 0 0 0 0 4 3 0 0 0 0/0 9:05 0:00 0:00
Michel Ouellet 0 0 0 1 2 2 0 0 0 0 0/0 11:56 3:30 0:00
Noah Welch 0 0 0 0 0 0 0 0 0 0 0/0 9:05 0:00 0:00
Patrik Berglund 0 1 1 1 0 0 1 0 0 0 6/12 14:50 3:30 0:00
Robyn Regehr 0 1 1 1 0 0 1 1 1 0 0/0 18:08 3:36 0:00
Ron Hainsey 0 0 0 1 0 0 0 0 0 1 0/0 12:27 0:00 3:19
Steve Eminger 0 1 1 2 0 2 2 3 2 2 0/0 23:40 0:10 3:19
Steve Regier 1 1 2 1 0 1 1 1 0 0 0/0 13:23 3:30 0:00
Tomas Kaberle 0 0 0 2 0 0 2 1 0 0 0/0 19:20 5:40 2:23
3 Stars
1 - Alexander Semin (Cal)
2 - David Backes (Cal)
3 - Eric Staal (Cal)
Power Play
Avalanche - 3 on 5 Attempt(s) - 60,00%
Flames - 3 on 7 Attempt(s) - 42,86%
Penalty Kill
Avalanche - 4 on 7 Attempt(s) - 57,14%
- Score 0 goal in Penalty Kill
Flames - 2 on 5 Attempt(s) - 40,00%
- Score 0 goal in Penalty Kill
Team Stat
Avalanche - Hits : 17 - Faceoff Wins : 30 - Blocked Shots : 8 - Penalty Minutes : 29
Flames - Hits : 24 - Faceoff Wins : 37 - Blocked Shots : 17 - Penalty Minutes : 25
Official
Referees : Ciamaga Chris and Jackson Dave
Linesman : Thor Nelson and Tim Nowak
Game Notes
Semyon Varlamov enters game at 3:03 of 2nd period
Jack Johnson beats up David Backes at 15:54 of 2nd period
Jordin Tootoo beats up Shane O'Brien at 5:03 of 3rd period
Paul Stastny beats up Eric Staal at 10:26 of 3rd period
Finance
Level 1 -- Attendance: 4353 (72,55%) -- Ticket Income 387 417 $
Level 2 -- Attendance: 3617 (72,34%) -- Ticket Income 206 169 $
Level 3 -- Attendance: 1523 (76,15%) -- Ticket Income 50 259 $
Level 4 -- Attendance: 3332 (83,30%) -- Ticket Income 76 636 $
Luxury Box -- Attendance: 715 (71,50%) -- Ticket Income 120 835 $
Game was played at the Metal Center.
Total Attendance: 13540 (75,22%)
Total Ticket Income: 841 316 $
Other Income: 126 197 $
Total Income: 967 513 $
Avalanche
5 vs 5 Forward
Center Left Wing Right Wing Time % Phy DF OF
1 Bryan Little Mikkel Boedker Corey Perry 35 1 2 2
2 Paul Stastny Andrei Kostitsyn Alexander Radulov 35 1 2 2
3 Mike Comrie Andrew Ladd Brandon Yip 15 1 2 2
4 David Krejci Ryan Smyth Chuck Kobasew 15 1 2 2
5 vs 5 Defense
Defense Defense Time % Phy DF OF
1 Marc Staal Jack Johnson 40 1 2 2
2 Shane O'Brien Jay Bouwmeester 30 1 2 2
3 Pernell Karl Subban Johnny Boychuk 30 1 2 2
4 Marc Staal Jack Johnson 0 1 2 2
PowerPlay Forward
Center Left Wing Right Wing Time % Phy DF OF
1 Bryan Little Andrei Kostitsyn Corey Perry 60 1 2 2
2 Paul Stastny Mikkel Boedker Alexander Radulov 40 1 2 2
PowerPlay Defense
Defense Defense Time % Phy DF OF
1 Jay Bouwmeester Johnny Boychuk 60 1 2 2
2 Marc Staal Pernell Karl Subban 40 1 2 2
Penalty Kill 4 Players Forward
Center Wing Time % Phy DF OF
1 Mike Comrie Chuck Kobasew 60 1 2 2
2 Brandon Yip Andrew Ladd 40 1 2 2
Penalty Kill 4 Players Defense
Defense Defense Time % Phy DF OF
1 Marc Staal Jack Johnson 60 1 2 2
2 Pernell Karl Subban Shane O'Brien 40 1 2 2
Penalty Kill - 3 Players Forward
Forward Time % Phy DF OF
1 Mike Comrie 60 1 2 2
2 Chuck Kobasew 40 1 2 2
Penalty Kill - 3 Players Defense
Defense Defense Time % Phy DF OF
1 Pernell Karl Subban Marc Staal 60 1 2 2
2 Shane O'Brien Jack Johnson 40 1 2 2
4 vs 4 Forward
Center Wing Time % Phy DF OF
1 Corey Perry Andrei Kostitsyn 60 1 2 2
2 Mikkel Boedker Bryan Little 40 1 2 2
4 vs 4 Defense
Defense Defense Time % Phy DF OF
1 Marc Staal Jack Johnson 60 1 2 2
2 Shane O'Brien Jay Bouwmeester 40 1 2 2
Last Minutes Offensive
Center Left Wing Right Wing Defense Defense
Bryan Little Andrei Kostitsyn Corey Perry Marc Staal Jack Johnson
Last Minutes Defensive
Center Left Wing Right Wing Defense Defense
Mike Comrie Mikkel Boedker Chuck Kobasew Marc Staal Jack Johnson
Goaltenders
Starting : Dan Ellis
Backup : Semyon Varlamov
Extra Forwards
Normal : Corey Perry, Paul Stastny, Alexander Radulov - PP : Corey Perry, Paul Stastny - PK : Alexander Radulov
Extra Defensemen
Normal : Pernell Karl Subban, Marc Staal, Shane O'Brien - PP : Pernell Karl Subban - PK : Jack Johnson, Shane O'Brien
Penalty Shots
Corey Perry, Andrei Kostitsyn, Mikkel Boedker, Bryan Little, Mike Comrie
Flames
5 vs 5 Forward
Center Left Wing Right Wing Time % Phy DF OF
1 Eric Staal Alexander Semin David Backes 39 1 2 2
2 Patrik Berglund Brad Marchand Jordin Tootoo 30 1 2 2
3 Marcel Goc Steve Regier Michel Ouellet 21 1 2 2
4 Colin Wilson Mark Bell Noah Welch 10 1 2 2
5 vs 5 Defense
Defense Defense Time % Phy DF OF
1 Derek Meech Steve Eminger 40 1 2 2
2 Robyn Regehr Erik Johnson 30 1 2 2
3 Tomas Kaberle Ron Hainsey 20 1 2 2
4 Tomas Kaberle Steve Eminger 10 1 2 2
PowerPlay Forward
Center Left Wing Right Wing Time % Phy DF OF
1 Eric Staal Alexander Semin David Backes 60 1 1 3
2 Patrik Berglund Steve Regier Michel Ouellet 40 1 1 3
PowerPlay Defense
Defense Defense Time % Phy DF OF
1 Tomas Kaberle Erik Johnson 60 1 1 3
2 Derek Meech Robyn Regehr 40 1 1 3
Penalty Kill 4 Players Forward
Center Wing Time % Phy DF OF
1 Marcel Goc Jordin Tootoo 60 1 3 1
2 Eric Staal Alexander Semin 40 1 3 1
Penalty Kill 4 Players Defense
Defense Defense Time % Phy DF OF
1 Ron Hainsey Steve Eminger 60 1 4 0
2 Tomas Kaberle Erik Johnson 40 1 4 0
Penalty Kill - 3 Players Forward
Forward Time % Phy DF OF
1 Eric Staal 60 1 4 0
2 Alexander Semin 40 1 4 0
Penalty Kill - 3 Players Defense
Defense Defense Time % Phy DF OF
1 Ron Hainsey Steve Eminger 60 1 4 0
2 Tomas Kaberle Erik Johnson 40 1 4 0
4 vs 4 Forward
Center Wing Time % Phy DF OF
1 Eric Staal Alexander Semin 60 1 2 2
2 Patrik Berglund Jordin Tootoo 40 1 2 2
4 vs 4 Defense
Defense Defense Time % Phy DF OF
1 Derek Meech Steve Eminger 60 1 2 2
2 Tomas Kaberle Erik Johnson 40 1 2 2
Last Minutes Offensive
Center Left Wing Right Wing Defense Defense
Eric Staal Alexander Semin David Backes Erik Johnson Steve Eminger
Last Minutes Defensive
Center Left Wing Right Wing Defense Defense
Eric Staal Alexander Semin David Backes Erik Johnson Steve Eminger
Goaltenders
Starting : Pekka Rinne
Backup : Craig Anderson
Extra Forwards
Normal : Alexander Semin, Jordin Tootoo, Steve Regier - PP : Jordin Tootoo, Steve Regier - PK : Brad Marchand
Extra Defensemen
Normal : Erik Johnson, Tomas Kaberle, Ron Hainsey - PP : Steve Eminger - PK : Erik Johnson, Derek Meech
Penalty Shots
Eric Staal, Alexander Semin, Patrik Berglund, David Backes, Colin Wilson
% Time on Ice - Avalanche
Lines # - Real PCT - Wanted PCT - Time Play
Normal Forward
1 - 35% - 35% - 15:23
2 - 28% - 35% - 12:24
3 - 18% - 15% - 7:42
4 - 19% - 15% - 8:11
Normal Defense
1 - 42% - 40% - 18:31
2 - 28% - 30% - 12:23
3 - 29% - 30% - 12:46
4 - 0% - 0% - 0:00
PP Forward
1 - 68% - 60% - 3:52
2 - 32% - 40% - 1:50
PP Defense
1 - 78% - 60% - 4:26
2 - 22% - 40% - 1:16
PK Forward
1 - 76% - 60% - 7:01
2 - 24% - 40% - 2:15
PK Defense
1 - 75% - 60% - 6:59
2 - 25% - 40% - 2:17
PK3 Forward
1 - 0% - 60%
2 - 0% - 40%
PK3 Defense
1 - 0% - 60%
2 - 0% - 40%
44 Forward
1 - 100% - 60% - 1:22
2 - 0% - 40% - 0:00
44 Defense
1 - 73% - 60% - 1:00
2 - 27% - 40% - 0:22
Last Minute Offensive - 0:00
Last Minute Defensive - 0:00
Total
Forward - 60:00
Defense - 60:00
|
% Time on Ice - Flames
Lines # - Real PCT - Wanted PCT - Time Play
Normal Forward
1 - 35% - 39% - 15:14
2 - 25% - 30% - 11:03
3 - 19% - 21% - 8:18
4 - 21% - 10% - 9:05
Normal Defense
1 - 42% - 40% - 18:27
2 - 33% - 30% - 14:32
3 - 19% - 20% - 8:26
4 - 5% - 10% - 2:15
PP Forward
1 - 62% - 60% - 5:46
2 - 38% - 40% - 3:30
PP Defense
1 - 60% - 60% - 5:33
2 - 40% - 40% - 3:43
PK Forward
1 - 80% - 60% - 4:35
2 - 20% - 40% - 1:07
PK Defense
1 - 58% - 60% - 3:19
2 - 42% - 40% - 2:23
PK3 Forward
1 - 0% - 60%
2 - 0% - 40%
PK3 Defense
1 - 0% - 60%
2 - 0% - 40%
44 Forward
1 - 78% - 60% - 1:04
2 - 22% - 40% - 0:18
44 Defense
1 - 52% - 60% - 0:43
2 - 48% - 40% - 0:39
Last Minute Offensive - 0:00
Last Minute Defensive - 0:00
Total
Forward - 60:00
Defense - 60:00
|
Play by Play
1st period
0:01 of 1st period - Eric Staal wins face-off versus Bryan Little in neutral zone.
1:39 of 1st period - Slapshot by David Backes.
1:39 of 1st period - Stopped by Dan Ellis without a rebound.
1:40 of 1st period - Paul Stastny wins face-off versus Eric Staal in Avalanche zone.
1:44 of 1st period - Off-side.
1:45 of 1st period - Jordin Tootoo wins face-off versus Paul Stastny in neutral zone.
3:01 of 1st period - Snap shot by Chuck Kobasew.
3:01 of 1st period - Stopped by Pekka Rinne without a rebound.
3:02 of 1st period - Patrik Berglund wins face-off versus Paul Stastny in Flames zone.
3:02 of 1st period - Patrik Berglund is hit by Alexander Radulov.
3:34 of 1st period - Wrist shot by David Backes.
3:34 of 1st period - Deflect By Mikkel Boedker.
3:34 of 1st period - Shot Misses the Net.
3:34 of 1st period - Puck is out of play.
3:35 of 1st period - Eric Staal wins face-off versus Bryan Little in Avalanche zone.
4:26 of 1st period - Snap shot by Brad Marchand.
4:26 of 1st period - Shot Misses the Net.
6:08 of 1st period - Mark Bell is hit by Mike Comrie and loses puck.
6:15 of 1st period - Slapshot by Mike Comrie.
6:15 of 1st period - Stopped by Pekka Rinne with a rebound.
6:31 of 1st period - Slapshot by Bryan Little.
6:31 of 1st period - Shot Blocked by Alexander Semin.
6:56 of 1st period - Jack Johnson is hit by Steve Regier and loses puck.
7:53 of 1st period - Slapshot by Eric Staal.
7:53 of 1st period - Deflect By Alexander Semin.
7:53 of 1st period - Stopped by Dan Ellis without a rebound.
7:53 of 1st period - Minor Penalty to Dan Ellis for Delaying the game.
7:54 of 1st period - Eric Staal wins face-off versus Mike Comrie in Avalanche zone.
8:03 of 1st period - Wrist shot by Alexander Semin.
8:03 of 1st period - Goal by Alexander Semin - Avalanche : 0 - Flames : 1.
8:04 of 1st period - Eric Staal wins face-off versus Paul Stastny in neutral zone.
8:21 of 1st period - Snap shot by David Backes.
8:21 of 1st period - Goal by David Backes - Avalanche : 0 - Flames : 2.
8:22 of 1st period - Bryan Little wins face-off versus Eric Staal in neutral zone.
8:27 of 1st period - Snap shot by Bryan Little.
8:27 of 1st period - Shot Blocked by Eric Staal.
8:29 of 1st period - Snap shot by Corey Perry.
8:29 of 1st period - Shot Blocked by Derek Meech.
8:31 of 1st period - Slapshot by Marc Staal.
8:31 of 1st period - Stopped by Pekka Rinne with a rebound.
8:39 of 1st period - Snap shot by Bryan Little.
8:39 of 1st period - Shot Misses the Net.
9:42 of 1st period - Minor Penalty to Derek Meech for Hooking.
9:43 of 1st period - Corey Perry wins face-off versus Marcel Goc in Flames zone.
9:55 of 1st period - Snap shot by Bryan Little.
9:55 of 1st period - Shot Misses the Net.
9:57 of 1st period - Wrist shot by Johnny Boychuk.
9:57 of 1st period - Stopped by Pekka Rinne without a rebound.
9:58 of 1st period - Marcel Goc wins face-off versus Bryan Little in Flames zone.
10:03 of 1st period - Slapshot by Erik Johnson.
10:03 of 1st period - Deflect By Jay Bouwmeester.
10:03 of 1st period - Stopped by Dan Ellis with a rebound.
10:06 of 1st period - Icing by Johnny Boychuk.
10:07 of 1st period - Marcel Goc wins face-off versus Bryan Little in Avalanche zone.
11:31 of 1st period - Slapshot by Corey Perry.
11:31 of 1st period - Shot Misses the Net.
11:33 of 1st period - Snap shot by Andrei Kostitsyn.
11:33 of 1st period - Deflect By Eric Staal.
11:33 of 1st period - Stopped by Pekka Rinne without a rebound.
11:34 of 1st period - Paul Stastny wins face-off versus Marcel Goc in Flames zone.
11:37 of 1st period - Wrist shot by Paul Stastny.
11:37 of 1st period - Goal by Paul Stastny - Avalanche : 1 - Flames : 2.
11:38 of 1st period - Mike Comrie wins face-off versus Eric Staal in neutral zone.
11:53 of 1st period - Wrist shot by Brandon Yip.
11:53 of 1st period - Shot Blocked by Alexander Semin.
12:12 of 1st period - Jordin Tootoo is hit by Shane O'Brien.
12:35 of 1st period - Snap shot by Patrik Berglund.
12:35 of 1st period - Shot Blocked by Jay Bouwmeester.
12:43 of 1st period - Icing by Steve Eminger.
12:44 of 1st period - Paul Stastny wins face-off versus Patrik Berglund in Flames zone.
12:45 of 1st period - Snap shot by Alexander Radulov.
12:45 of 1st period - Stopped by Pekka Rinne with a rebound.
12:47 of 1st period - Slapshot by Marc Staal.
12:47 of 1st period - Deflect By Paul Stastny.
12:47 of 1st period - Deflect By Steve Eminger.
12:47 of 1st period - Shot Blocked by Steve Eminger.
12:47 of 1st period - Puck is out of play.
12:48 of 1st period - Eric Staal wins face-off versus Paul Stastny in Flames zone.
13:02 of 1st period - Off-side.
13:03 of 1st period - Marcel Goc wins face-off versus Bryan Little in neutral zone.
13:30 of 1st period - Pernell Karl Subban is hit by Eric Staal and loses puck.
13:58 of 1st period - Snap shot by Jordin Tootoo.
13:58 of 1st period - Shot Blocked by Marc Staal.
14:00 of 1st period - Slapshot by Jordin Tootoo.
14:00 of 1st period - Stopped by Dan Ellis with a rebound.
14:20 of 1st period - David Krejci is hit by Mark Bell and loses puck.
14:31 of 1st period - Slapshot by Jack Johnson.
14:31 of 1st period - Shot Blocked by Steve Eminger.
15:09 of 1st period - Robyn Regehr is hit by Andrew Ladd and loses puck.
15:17 of 1st period - Icing by Jordin Tootoo.
15:18 of 1st period - Bryan Little wins face-off versus Patrik Berglund in Flames zone.
15:21 of 1st period - Slapshot by Mikkel Boedker.
15:21 of 1st period - Stopped by Pekka Rinne with a rebound.
15:23 of 1st period - Slapshot by Jay Bouwmeester.
15:23 of 1st period - Deflect By Corey Perry.
15:23 of 1st period - Stopped by Pekka Rinne with a rebound.
15:27 of 1st period - Snap shot by Bryan Little.
15:27 of 1st period - Stopped by Pekka Rinne without a rebound.
15:28 of 1st period - Bryan Little wins face-off versus Eric Staal in Flames zone.
15:39 of 1st period - Wrist shot by Alexander Semin.
15:39 of 1st period - Deflect By Eric Staal.
15:39 of 1st period - Shot Misses the Net.
15:39 of 1st period - Puck is out of play.
15:40 of 1st period - Eric Staal wins face-off versus Corey Perry in Avalanche zone.
15:43 of 1st period - Wrist shot by Eric Staal.
15:43 of 1st period - Stopped by Dan Ellis with a rebound.
16:08 of 1st period - Minor Penalty to Andrei Kostitsyn for Hooking.
16:09 of 1st period - Eric Staal wins face-off versus Mike Comrie in Avalanche zone.
16:24 of 1st period - Backhand shot by Eric Staal.
16:24 of 1st period - Deflect By David Backes.
16:24 of 1st period - Shot Misses the Net.
16:24 of 1st period - Puck is out of play.
16:25 of 1st period - Alexander Semin wins face-off versus Mike Comrie in Avalanche zone.
16:40 of 1st period - Slapshot by David Backes.
16:40 of 1st period - Shot Misses the Net.
17:17 of 1st period - Chuck Kobasew is hit by David Backes.
18:08 of 1st period - Penalty to Andrei Kostitsyn is over, Andrei Kostitsyn is back on ice.
18:20 of 1st period - Corey Perry is hit by Mark Bell and loses puck.
18:54 of 1st period - Ryan Smyth is hit by Marcel Goc and loses puck.
19:15 of 1st period - Minor Penalty to David Backes for Roughing.
19:16 of 1st period - Marcel Goc wins face-off versus Corey Perry in Flames zone.
19:31 of 1st period - Slapshot by Corey Perry.
19:31 of 1st period - Deflect By Bryan Little.
19:31 of 1st period - Stopped by Pekka Rinne without a rebound.
19:32 of 1st period - Paul Stastny wins face-off versus Marcel Goc in Flames zone.
19:41 of 1st period - Wrist shot by Mikkel Boedker.
19:41 of 1st period - Stopped by Pekka Rinne without a rebound.
19:42 of 1st period - Paul Stastny wins face-off versus Marcel Goc in Flames zone.
19:43 of 1st period - Snap shot by Mikkel Boedker.
19:43 of 1st period - Shot Misses the Net.
19:45 of 1st period - Slapshot by Jay Bouwmeester.
19:45 of 1st period - Deflect By Mikkel Boedker.
19:45 of 1st period - Shot Misses the Net.
19:45 of 1st period - Puck is out of play.
19:46 of 1st period - Marcel Goc wins face-off versus Bryan Little in Flames zone.
19:46 of 1st period - Marcel Goc is hit by Bryan Little.
19:52 of 1st period - Minor Penalty to Andrei Kostitsyn for Hooking.
19:53 of 1st period - Corey Perry wins face-off versus Eric Staal in Avalanche zone.
Goals for this period are 1 for Avalanche vs 2 for Flames.
Shots for this period are 12 for Avalanche vs 7 for Flames.
2nd period
0:01 of 2nd period - Corey Perry wins face-off versus Eric Staal in neutral zone.
1:15 of 2nd period - Penalty to David Backes is over, David Backes is back on ice.
1:21 of 2nd period - Snap shot by Alexander Semin.
1:21 of 2nd period - Goal by Alexander Semin - Avalanche : 1 - Flames : 3.
1:22 of 2nd period - Patrik Berglund wins face-off versus Paul Stastny in neutral zone.
1:25 of 2nd period - Johnny Boychuk is hit by Brad Marchand and loses puck.
2:17 of 2nd period - Wrist shot by Brandon Yip.
2:17 of 2nd period - Shot Blocked by Erik Johnson.
2:19 of 2nd period - Snap shot by Mike Comrie.
2:19 of 2nd period - Shot Blocked by Steve Regier.
2:21 of 2nd period - Slapshot by Shane O'Brien.
2:21 of 2nd period - Stopped by Pekka Rinne with a rebound.
2:23 of 2nd period - Wrist shot by Andrew Ladd.
2:23 of 2nd period - Stopped by Pekka Rinne with a rebound.
2:57 of 2nd period - Slapshot by Brad Marchand.
2:57 of 2nd period - Stopped by Dan Ellis with a rebound.
2:59 of 2nd period - Snap shot by Jordin Tootoo.
2:59 of 2nd period - Deflect By Brad Marchand.
2:59 of 2nd period - Stopped by Dan Ellis with a rebound.
3:01 of 2nd period - Slapshot by Robyn Regehr.
3:01 of 2nd period - Deflect By Jordin Tootoo.
3:01 of 2nd period - Stopped by Dan Ellis with a rebound.
3:03 of 2nd period - Slapshot by Brad Marchand.
3:03 of 2nd period - Goal by Brad Marchand - Avalanche : 1 - Flames : 4.
3:03 of 2nd period - Semyon Varlamov enters game.
3:04 of 2nd period - Paul Stastny wins face-off versus Eric Staal in neutral zone.
3:06 of 2nd period - Minor Penalty to Paul Stastny for Hooking.
3:07 of 2nd period - Mike Comrie wins face-off versus Eric Staal in Avalanche zone.
3:54 of 2nd period - Eric Staal is hit by Marc Staal and loses puck.
5:06 of 2nd period - Penalty to Paul Stastny is over, Paul Stastny is back on ice.
5:28 of 2nd period - Wrist shot by Bryan Little.
5:28 of 2nd period - Shot Blocked by Colin Wilson.
5:30 of 2nd period - Snap shot by Jay Bouwmeester.
5:30 of 2nd period - Shot Misses the Net.
5:32 of 2nd period - Slapshot by Pernell Karl Subban.
5:32 of 2nd period - Shot Misses the Net.
5:42 of 2nd period - Wrist shot by Jordin Tootoo.
5:42 of 2nd period - Shot Misses the Net.
5:44 of 2nd period - Snap shot by Jordin Tootoo.
5:44 of 2nd period - Stopped by Semyon Varlamov without a rebound.
5:45 of 2nd period - Paul Stastny wins face-off versus Patrik Berglund in Avalanche zone.
5:45 of 2nd period - Paul Stastny is hit by Brad Marchand.
5:52 of 2nd period - Shane O'Brien is hit by Tomas Kaberle and loses puck.
6:11 of 2nd period - Snap shot by Eric Staal.
6:11 of 2nd period - Goal by Eric Staal - Avalanche : 1 - Flames : 5.
6:12 of 2nd period - Eric Staal wins face-off versus Paul Stastny in neutral zone.
6:29 of 2nd period - Snap shot by Alexander Semin.
6:29 of 2nd period - Shot Misses the Net.
7:47 of 2nd period - Snap shot by David Backes.
7:47 of 2nd period - Stopped by Semyon Varlamov without a rebound.
7:48 of 2nd period - Eric Staal wins face-off versus Paul Stastny in Avalanche zone.
7:51 of 2nd period - Wrist shot by Alexander Semin.
7:51 of 2nd period - Stopped by Semyon Varlamov with a rebound.
8:47 of 2nd period - Snap shot by Marcel Goc.
8:47 of 2nd period - Stopped by Semyon Varlamov with a rebound.
9:31 of 2nd period - Steve Eminger is hit by Andrei Kostitsyn and loses puck.
9:48 of 2nd period - Snap shot by Jay Bouwmeester.
9:48 of 2nd period - Deflect By Brad Marchand.
9:48 of 2nd period - Stopped by Pekka Rinne without a rebound.
9:49 of 2nd period - Patrik Berglund wins face-off versus Bryan Little in Flames zone.
10:14 of 2nd period - Eric Staal is hit by Paul Stastny and loses puck.
11:06 of 2nd period - Ryan Smyth is hit by Patrik Berglund and loses puck.
11:31 of 2nd period - Wrist shot by Chuck Kobasew.
11:31 of 2nd period - Shot Blocked by Erik Johnson.
11:37 of 2nd period - Wrist shot by Chuck Kobasew.
11:37 of 2nd period - Shot Blocked by Eric Staal.
12:41 of 2nd period - Bryan Little is hit by Alexander Semin and loses puck.
12:59 of 2nd period - Eric Staal is hit by Mikkel Boedker and loses puck.
13:26 of 2nd period - Snap shot by Alexander Semin.
13:26 of 2nd period - Deflect By David Backes.
13:26 of 2nd period - Shot Misses the Net.
13:26 of 2nd period - Puck is out of play.
13:27 of 2nd period - Paul Stastny wins face-off versus Patrik Berglund in Avalanche zone.
13:54 of 2nd period - Michel Ouellet is hit by Brandon Yip and loses puck.
14:01 of 2nd period - Slapshot by Andrew Ladd.
14:01 of 2nd period - Stopped by Pekka Rinne with a rebound.
14:19 of 2nd period - Minor Penalty to Shane O'Brien for Hooking.
14:20 of 2nd period - Mike Comrie wins face-off versus Eric Staal in Avalanche zone.
15:20 of 2nd period - Slapshot by David Backes.
15:20 of 2nd period - Shot Misses the Net.
15:22 of 2nd period - Wrist shot by David Backes.
15:22 of 2nd period - Goal by David Backes - Avalanche : 1 - Flames : 6.
15:23 of 2nd period - Patrik Berglund wins face-off versus Paul Stastny in neutral zone.
15:36 of 2nd period - Backhand shot by Alexander Radulov.
15:36 of 2nd period - Stopped by Pekka Rinne without a rebound.
15:37 of 2nd period - Bryan Little wins face-off versus Marcel Goc in Flames zone.
15:44 of 2nd period - Snap shot by Mikkel Boedker.
15:44 of 2nd period - Shot Misses the Net.
15:51 of 2nd period - Off-side.
15:52 of 2nd period - Eric Staal wins face-off versus Paul Stastny in neutral zone.
15:54 of 2nd period - Jack Johnson beats up David Backes.
15:54 of 2nd period - Penalty to David Backes for Fighting.
15:54 of 2nd period - Penalty to Jack Johnson for Fighting.
15:55 of 2nd period - Paul Stastny wins face-off versus Eric Staal in Avalanche zone.
15:55 of 2nd period - Paul Stastny is hit by Steve Eminger.
16:27 of 2nd period - Minor Penalty to Michel Ouellet for Tripping.
16:28 of 2nd period - Bryan Little wins face-off versus Marcel Goc in Flames zone.
18:27 of 2nd period - Penalty to Michel Ouellet is over, Michel Ouellet is back on ice.
18:54 of 2nd period - Slapshot by Shane O'Brien.
18:54 of 2nd period - Shot Blocked by Steve Eminger.
Goals for this period are 0 for Avalanche vs 4 for Flames.
Shots for this period are 5 for Avalanche vs 11 for Flames.
3rd period
0:01 of 3rd period - Paul Stastny wins face-off versus Eric Staal in neutral zone.
0:26 of 3rd period - Mikkel Boedker is hit by Derek Meech and loses puck.
0:49 of 3rd period - Wrist shot by Mark Bell.
0:49 of 3rd period - Stopped by Semyon Varlamov without a rebound.
0:50 of 3rd period - Mike Comrie wins face-off versus Colin Wilson in Avalanche zone.
0:50 of 3rd period - Mike Comrie is hit by Mark Bell.
1:08 of 3rd period - Wrist shot by Mark Bell.
1:08 of 3rd period - Shot Misses the Net.
1:22 of 3rd period - Slapshot by Mark Bell.
1:22 of 3rd period - Stopped by Semyon Varlamov without a rebound.
1:23 of 3rd period - Eric Staal wins face-off versus Paul Stastny in Avalanche zone.
2:15 of 3rd period - David Krejci is hit by Tomas Kaberle and loses puck.
3:00 of 3rd period - Wrist shot by Paul Stastny.
3:00 of 3rd period - Shot Misses the Net.
3:14 of 3rd period - Andrei Kostitsyn is hit by David Backes and loses puck.
3:33 of 3rd period - Slapshot by Andrei Kostitsyn.
3:33 of 3rd period - Shot Blocked by Erik Johnson.
3:35 of 3rd period - Slapshot by Andrei Kostitsyn.
3:35 of 3rd period - Shot Blocked by Robyn Regehr.
3:39 of 3rd period - Snap shot by Andrei Kostitsyn.
3:39 of 3rd period - Shot Misses the Net.
3:59 of 3rd period - Snap shot by Eric Staal.
3:59 of 3rd period - Shot Misses the Net.
4:15 of 3rd period - Snap shot by Paul Stastny.
4:15 of 3rd period - Shot Misses the Net.
4:17 of 3rd period - Wrist shot by Paul Stastny.
4:17 of 3rd period - Shot Blocked by Erik Johnson.
4:19 of 3rd period - Slapshot by Pernell Karl Subban.
4:19 of 3rd period - Shot Hit the Post.
4:21 of 3rd period - Wrist shot by Andrei Kostitsyn.
4:21 of 3rd period - Stopped by Pekka Rinne without a rebound.
4:22 of 3rd period - Bryan Little wins face-off versus Patrik Berglund in Flames zone.
4:54 of 3rd period - Slapshot by Steve Regier.
4:54 of 3rd period - Goal by Steve Regier - Avalanche : 1 - Flames : 7.
4:55 of 3rd period - Patrik Berglund wins face-off versus Bryan Little in neutral zone.
4:58 of 3rd period - Slapshot by Steve Eminger.
4:58 of 3rd period - Stopped by Semyon Varlamov without a rebound.
4:59 of 3rd period - Bryan Little wins face-off versus Patrik Berglund in Avalanche zone.
5:03 of 3rd period - Jordin Tootoo beats up Shane O'Brien.
5:03 of 3rd period - Penalty to Jordin Tootoo for Fighting.
5:03 of 3rd period - Penalty to Shane O'Brien for Fighting.
5:04 of 3rd period - Bryan Little wins face-off versus Eric Staal in Flames zone.
5:09 of 3rd period - Wrist shot by Mikkel Boedker.
5:09 of 3rd period - Shot Misses the Net.
5:15 of 3rd period - Snap shot by Derek Meech.
5:15 of 3rd period - Stopped by Semyon Varlamov without a rebound.
5:16 of 3rd period - Eric Staal wins face-off versus Bryan Little in Avalanche zone.
5:27 of 3rd period - Wrist shot by Alexander Semin.
5:27 of 3rd period - Shot Blocked by Jack Johnson.
5:29 of 3rd period - Slapshot by Derek Meech.
5:29 of 3rd period - Deflect By David Backes.
5:29 of 3rd period - Shot Misses the Net.
5:29 of 3rd period - Puck is out of play.
5:30 of 3rd period - Eric Staal wins face-off versus Paul Stastny in Avalanche zone.
5:35 of 3rd period - Snap shot by Alexander Semin.
5:35 of 3rd period - Shot Misses the Net.
5:37 of 3rd period - Wrist shot by David Backes.
5:37 of 3rd period - Shot Blocked by Jay Bouwmeester.
5:39 of 3rd period - Slapshot by Steve Eminger.
5:39 of 3rd period - Stopped by Semyon Varlamov with a rebound.
5:41 of 3rd period - Wrist shot by Alexander Semin.
5:41 of 3rd period - Stopped by Semyon Varlamov with a rebound.
5:43 of 3rd period - Snap shot by Steve Eminger.
5:43 of 3rd period - Shot Blocked by Pernell Karl Subban.
5:45 of 3rd period - Wrist shot by David Backes.
5:45 of 3rd period - Shot Misses the Net.
6:18 of 3rd period - Slapshot by Jay Bouwmeester.
6:18 of 3rd period - Stopped by Pekka Rinne without a rebound.
6:18 of 3rd period - Minor Penalty to Pekka Rinne for Delaying the game.
6:19 of 3rd period - Marcel Goc wins face-off versus Bryan Little in Flames zone.
6:19 of 3rd period - Marcel Goc is hit by Bryan Little.
6:33 of 3rd period - Slapshot by Jay Bouwmeester.
6:33 of 3rd period - Deflect By Andrei Kostitsyn.
6:33 of 3rd period - Goal by Andrei Kostitsyn - Avalanche : 2 - Flames : 7.
6:34 of 3rd period - Eric Staal wins face-off versus Paul Stastny in neutral zone.
6:55 of 3rd period - Minor Penalty to Derek Meech for Slashing.
6:56 of 3rd period - Marcel Goc wins face-off versus Bryan Little in Flames zone.
7:51 of 3rd period - Slapshot by Paul Stastny.
7:51 of 3rd period - Goal by Paul Stastny - Avalanche : 3 - Flames : 7.
7:52 of 3rd period - Patrik Berglund wins face-off versus Bryan Little in neutral zone.
8:18 of 3rd period - Steve Eminger is hit by Paul Stastny and loses puck.
8:41 of 3rd period - Wrist shot by Mike Comrie.
8:41 of 3rd period - Shot Blocked by Colin Wilson.
8:54 of 3rd period - Icing by Steve Eminger.
8:55 of 3rd period - Colin Wilson wins face-off versus Bryan Little in Flames zone.
8:55 of 3rd period - Colin Wilson is hit by Corey Perry.
9:12 of 3rd period - Off-side.
9:13 of 3rd period - Alexander Semin wins face-off versus Paul Stastny in neutral zone.
9:16 of 3rd period - Slapshot by Erik Johnson.
9:16 of 3rd period - Shot Blocked by Jay Bouwmeester.
9:33 of 3rd period - Paul Stastny is hit by Alexander Semin and loses puck.
10:06 of 3rd period - Snap shot by Mark Bell.
10:06 of 3rd period - Stopped by Semyon Varlamov without a rebound.
10:07 of 3rd period - Colin Wilson wins face-off versus David Krejci in Avalanche zone.
10:17 of 3rd period - Slapshot by Mark Bell.
10:17 of 3rd period - Stopped by Semyon Varlamov without a rebound.
10:18 of 3rd period - Eric Staal wins face-off versus Paul Stastny in Avalanche zone.
10:26 of 3rd period - Paul Stastny beats up Eric Staal.
10:26 of 3rd period - Penalty to Eric Staal for Fighting.
10:26 of 3rd period - Penalty to Paul Stastny for Fighting.
10:27 of 3rd period - Jordin Tootoo wins face-off versus Bryan Little in Flames zone.
10:27 of 3rd period - Jordin Tootoo is hit by Corey Perry.
10:49 of 3rd period - Minor Penalty to Marc Staal for Roughing.
10:50 of 3rd period - Mike Comrie wins face-off versus Jordin Tootoo in Avalanche zone.
10:59 of 3rd period - David Backes is hit by Shane O'Brien.
11:41 of 3rd period - Alexander Semin is hit by Alexander Radulov and loses puck.
12:49 of 3rd period - Penalty to Marc Staal is over, Marc Staal is back on ice.
12:59 of 3rd period - Jack Johnson is hit by Robyn Regehr and loses puck.
13:38 of 3rd period - Off-side.
13:39 of 3rd period - David Krejci wins face-off versus Colin Wilson in neutral zone.
14:02 of 3rd period - Marcel Goc is hit by Jay Bouwmeester and loses puck.
14:21 of 3rd period - Slapshot by Alexander Semin.
14:21 of 3rd period - Shot Blocked by Alexander Radulov.
14:47 of 3rd period - Minor Penalty to Mike Comrie for Hooking.
14:48 of 3rd period - Alexander Radulov wins face-off versus Jordin Tootoo in Avalanche zone.
14:56 of 3rd period - Chuck Kobasew is hit by David Backes and loses puck.
15:21 of 3rd period - Slapshot by Michel Ouellet.
15:21 of 3rd period - Stopped by Semyon Varlamov without a rebound.
15:22 of 3rd period - Jordin Tootoo wins face-off versus Alexander Radulov in Avalanche zone.
15:26 of 3rd period - Penalty to Paul Stastny is over, Paul Stastny is back on ice.
15:31 of 3rd period - Wrist shot by David Backes.
15:31 of 3rd period - Shot Blocked by Alexander Radulov.
15:33 of 3rd period - Wrist shot by Jordin Tootoo.
15:33 of 3rd period - Shot Misses the Net.
15:35 of 3rd period - Slapshot by Derek Meech.
15:35 of 3rd period - Stopped by Semyon Varlamov with a rebound.
16:42 of 3rd period - Andrei Kostitsyn is hit by Alexander Semin.
16:47 of 3rd period - Penalty to Mike Comrie is over, Mike Comrie is back on ice.
16:53 of 3rd period - Jack Johnson is hit by Derek Meech and loses puck.
17:34 of 3rd period - Slapshot by Andrei Kostitsyn.
17:34 of 3rd period - Stopped by Pekka Rinne with a rebound.
17:42 of 3rd period - Wrist shot by Andrei Kostitsyn.
17:42 of 3rd period - Shot Misses the Net.
17:44 of 3rd period - Snap shot by Bryan Little.
17:44 of 3rd period - Shot Blocked by Tomas Kaberle.
17:50 of 3rd period - Wrist shot by Bryan Little.
17:50 of 3rd period - Stopped by Pekka Rinne without a rebound.
17:51 of 3rd period - David Krejci wins face-off versus Eric Staal in Flames zone.
17:51 of 3rd period - David Krejci is hit by David Backes.
18:25 of 3rd period - Slapshot by Michel Ouellet.
18:25 of 3rd period - Stopped by Semyon Varlamov without a rebound.
18:26 of 3rd period - Mike Comrie wins face-off versus Eric Staal in Avalanche zone.
18:34 of 3rd period - Icing by Andrew Ladd.
18:35 of 3rd period - Eric Staal wins face-off versus Andrew Ladd in Avalanche zone.
18:42 of 3rd period - Brandon Yip is hit by Steve Eminger and loses puck.
19:02 of 3rd period - Snap shot by Ryan Smyth.
19:02 of 3rd period - Deflect By Brad Marchand.
19:02 of 3rd period - Stopped by Pekka Rinne without a rebound.
19:03 of 3rd period - Eric Staal wins face-off versus Bryan Little in Flames zone.
19:25 of 3rd period - Corey Perry is hit by Eric Staal and loses puck.
Goals for this period are 2 for Avalanche vs 1 for Flames.
Shots for this period are 7 for Avalanche vs 12 for Flames.
Back to the Top